 Dungeon Crawl Stone Soup version 0.29-a0-1008-g949cc1d0fb (webtiles) character file.

Game seed: 7918559804622360853

7845 drpainis the Unseen (level 11, -4/49 HPs)
             Began as a Spriggan Enchanter on Aug 7, 2022.
             Was a Priest of Nemelex Xobeh.
             Killed by divine providence
             ... invoked by an orc priest
              (12 damage)
             ... on level 2 of the Orcish Mines.
             The game lasted 00:36:00 (18889 turns).

drpainis the Unseen (Spriggan Enchanter)           Turns: 18889, Time: 00:36:01

Health: -4/49      AC:  4    Str:  4    XL:     11   Next: 2%
Magic:  18/26      EV: 22    Int: 17    God:    Nemelex Xobeh [***...]
Gold:   2          SH:  0    Dex: 32    Spells: 19/30 levels left

rFire   . . .      SeeInvis +   s - +1 dagger (speed)
rCold   . . .      Faith    .   (no shield)
rNeg    . . .      Spirit   .   b - +0 robe
rPois   .          Reflect  .   (helmet restricted)
rElec   .          Harm     .   l - +1 cloak
rCorr   .          Rampage  .   (gloves unavailable)
Will    +....                   (boots unavailable)
Stlth   +++++++...              (no amulet)
HPRegen 0.16/turn               B - +6 ring of dexterity
MPRegen 0.20/turn               G - +6 ring of dexterity

@: about to teleport, marked, very quick
A: very small, no large weapons, unfitting armour, see invisible, speed 3
a: Renounce Religion, Draw Escape, Draw Destruction, Draw Summoning, Triple Draw


You were on level 2 of the Orcish Mines.
You worshipped Nemelex Xobeh.
Nemelex Xobeh was most pleased with you.
You visited 3 branches of the dungeon, and saw 13 of its levels.

You collected 794 gold pieces.
You spent 792 gold pieces at shops.

Inventory:

Hand Weapons
 c - a +0 dagger of draining
 s - a +1 dagger of speed (weapon)
 y - a +4 dagger of freezing
 F - a +4 dagger of chaos
Armour
 b - a +0 robe (worn)
 l - a +1 cloak (worn)
 D - a scarf of harm
Jewellery
 d - a ring of flight
 h - a +4 ring of protection
 B - a +6 ring of dexterity (left hand)
 G - a +6 ring of dexterity (right hand)
Wands
 a - a wand of mindburst (5)
 t - a wand of roots (10)
 A - a wand of flame (3)
Scrolls
 e - 2 scrolls of amnesia
 g - a scroll of butterflies {unknown}
 k - a scroll of enchant armour {unknown}
 o - a scroll of summoning {unknown}
 r - 4 scrolls of teleportation
 u - a scroll of vulnerability {unknown}
 w - 2 scrolls of magic mapping {unknown}
 z - a scroll of noise {unknown}
 C - a scroll of enchant weapon {unknown}
Potions
 f - a potion of heal wounds {unknown}
 i - a potion of mutation {unknown}
 j - 2 potions of degeneration {unknown}
 m - 2 potions of lignification
 n - a potion of magic {unknown}
 p - a potion of brilliance {unknown}
 q - 2 potions of haste {unknown}
 v - 2 potions of attraction {unknown}
 x - 3 potions of ambrosia {unknown}
 E - a potion of resistance {unknown}


   Skills:
 + Level 1.6 Fighting
 + Level 5.7 Short Blades
 + Level 4.4 Dodging
 + Level 15.2 Stealth
 + Level 10.4 Spellcasting
 + Level 10.1 Hexes
 + Level 4.1 Ice Magic


You had 19 spell levels left.
You knew the following spells:

 Your Spells              Type           Power      Damage    Failure   Level
a - Ensorcelled Hibernat  Hex/Ice        66%        N/A       1%          2
b - Confusing Touch       Hex            43%        N/A       1%          3
c - Tukima's Dance        Hex            43%        N/A       1%          3
d - Swiftness             Air            8%         N/A       24%         3

Your spell library contained the following spells:

 Spells                   Type           Power      Damage    Failure   Level
 Dazzling Flash           Conj/Hex       52%        N/A       3%          3
 Shock                    Conj/Air       32%        1d5       9%          1
 Passwall                 Tmut/Erth      6%         N/A       12%         2
 Sublimation of Blood     Necr           8%         N/A       12%         2
 Wereblood                Tmut           8%         N/A       12%         2
 Gell's Gravitas          Tloc           8%         N/A       24%         3
 Lesser Beckoning         Tloc           8%         N/A       24%         3
 Teleport Other           Tloc           8%         N/A       24%         3
 Airstrike                Air            4%         2d(1-17)  63%         4
 Summon Hydra             Summ           4%         N/A       100%        7


Dungeon Overview and Level Annotations

Branches:
Dungeon (10/15)            Temple (1/1) D:5             Orc (2/2) D:9
    Elf (0/3) Orc:2
   Lair: D:8-11

Altars:
Ashenzari
Cheibriados
Dithmenos
Elyvilon
Fedhas
Gozag
Hepliaklqana
Kikubaaqudgha
Makhleb
Nemelex Xobeh
Okawaru
Qazlal
Ru
Sif Muna
Trog
Uskayaw
Vehumet
Wu Jian
Xom
Yredelemnul
The Shining One

Shops:
D:4 =   Orc:1 [

Annotations:
D:4 1 runed translucent door
D:7 Menkaure, Pikel
D:10 1 transporter


Innate Abilities, Weirdness & Mutations

You are very small and have problems with some larger weapons.
You are too small for most types of armour.
You have supernaturally acute eyesight. (SInv)
You cover ground extremely quickly. (Speed+++)


Message History

An orc priest and an orc wizard come into view.
An orc comes into view.
It is wielding a +0 flail and wearing a +0 leather armour of cold resistance.
An orc comes into view. It is wielding a +0 short sword. x2
The orc warrior barely misses your +0 giant spiked club.
The orc wizard mumbles some strange words.
The orc wizard flickers and vanishes for a moment.
The warg bites your +0 giant spiked club but does no damage.
An orc comes into view. It is wielding a +0 mace.
The warg bites your +0 giant spiked club!!
Your +0 giant spiked club falls from the air.
An orc wizard comes into view. It is wielding a +1 dagger of venom.
An orc comes into view. It is wielding a +0 mace.
The orc wizard gestures wildly while chanting.
The orc wizard flickers and vanishes for a moment.
An orc priest comes into view. It is wielding a +0 short sword.
An orc warrior comes into view. It is wielding a +0 glaive.
An orc priest comes into view. It is wielding a +1 dagger of speed.
Found 19 gold pieces.
The orc priest invokes the aid of Beogh against you.
Beogh smites you!
The orc wizard points at you and mumbles some strange words.
The puff of flame hits you!
A troll comes into view.
An orc priest comes into view. It is wielding a +0 club.
Found 16 gold pieces.
An orc comes into view. It is wielding a +0 whip.
Okay, then.
As you read the scroll of teleportation, it crumbles to dust.
You feel strangely unstable.
An orc comes into view. It is wielding a +0 club.
The orc priest mumbles some strange prayers to Beogh against you.
Beogh smites you!
* * * LOW HITPOINT WARNING * * *
Found a staircase to the Elven Halls.
The orc priest looks encouraged for a moment.
Found 10 gold pieces.
The orc priest invokes the aid of Beogh against you.
Beogh smites you!
You die...
Your body glows with a rainbow of weird colours and disappears.

...$.... .##.>....
......... ......... .$#
........# .... ........#
... . ........###.##..
.......@.#......
..............$.
...........#....
................
...oo....oo.....
........h.......
...o.o..O.o.....o#....
.....T.o.o.............
.....oooooo......#......


You could see a troll, a warg, an ogre, 3 orc priests, 2 orc wizards and 4 orcs.

Vanquished Creatures
  2 two-headed ogres (D:8)
  An orc sorcerer (Orc:1)
  A cyclops (D:9)
  Maggie (D:7)
  Psyche (D:8)
  The ghost of xian the Cudgeller, an amateur MiFi (D:4)
  2 trolls
  3 vampire mosquitoes (D:5)
  3 water moccasins
  2 sky beasts
  6 orc warriors
  4 ice beasts
  An ogre (D:5)
  2 centaurs
  A lemure (D:7)
  2 kobold brigands
  Blork the orc (D:4)
  A bullfrog (D:4)
  4 necrophages
  2 scorpions
  5 wights (D:7)
  4 orc priests
  Crazy Yiuf (D:2)
  6 hounds
  2 jellies (D:6)
  An iguana (D:7)
  7 orc wizards
  8 adders
  13 gnolls
  A shadow imp (D:7)
  A white imp (D:5)
  An ufetubus (D:6)
  4 worms
  A dart slug (D:3)
  28 orcs
  2 bats
  8 endoplasms
  8 goblins
  9 hobgoblins
  6 jackals (D:1)
  5 quokkas
  6 ball pythons
  7 frilled lizards
  10 kobolds
  4 rats
189 creatures vanquished.

Vanquished Creatures (collateral kills)
  A two-headed ogre (D:8)
  An ice beast (D:8)
  An ogre (D:6)
  A lemure (D:7)
  A necrophage (D:7)
  A gnoll sergeant (Orc:1)
  2 gnolls
  8 orcs
  3 kobolds (D:9)
19 creatures vanquished.

Vanquished Creatures (others)
  5 dancing weapons
  An orc wizard (Orc:1)
  2 fungi (D:4)
8 creatures vanquished.

Grand Total: 216 creatures vanquished

Notes
Turn   | Place    | Note
-------+----------+-------------------------------------------
     0 | D:1      | drpainis the Spriggan Enchanter began the quest for the
                  | Orb.
     0 | D:1      | Reached XP level 1. HP: 9/9 MP: 5/5
   407 | D:1      | Found a faded altar of an unknown god.
   512 | D:1      | Reached XP level 2. HP: 8/13 MP: 6/6
   532 | D:1      | Learned a level 2 spell: Ensorcelled Hibernation
  1515 | D:2      | Reached XP level 3. HP: 2/16 MP: 1/8
  2049 | D:2      | Reached skill level 5 in Stealth
  2062 | D:2      | Reached XP level 4. HP: 21/21 MP: 5/10
  2401 | D:2      | Found a runed translucent door.
  2402 | D:2      | Noticed Crazy Yiuf
  2530 | D:2      | Found a stormy altar of Qazlal.
  3015 | D:2      | Killed Crazy Yiuf
  3016 | D:2      | Reached skill level 6 in Stealth
  3398 | D:3      | Reached XP level 5. HP: 25/25 MP: 3/11
  3573 | D:3      | Noticed an ice beast
  3580 | D:3      | Killed an ice beast
  3581 | D:3      | Reached skill level 1 in Ice Magic
  3721 | D:3      | Reached skill level 7 in Stealth
  3721 | D:3      | Reached XP level 6. HP: 29/29 MP: 7/13
  3922 | D:3      | Found a stormy altar of Qazlal.
  4010 | D:4      | Found a runed translucent door.
  4016 | D:4      | Noticed xian's ghost (amateur MiFi)
  4056 | D:4      | HP: 1/29 [gnoll/+0 halberd (8)]
  4059 | D:4      | Found a runed translucent door.
  4512 | D:3      | Reached skill level 5 in Hexes
  4564 | D:3      | Learned a level 3 spell: Confusing Touch
  4569 | D:3      | Learned a level 3 spell: Tukima's Dance
  4573 | D:3      | Learned a level 3 spell: Swiftness
  4837 | D:4      | Found a radiant altar of Vehumet.
  5028 | D:4      | Found Jaunem's Jewellery Emporium.
  5507 | D:4      | Noticed Blork the orc
  5514 | D:4      | Killed Blork the orc
  5515 | D:4      | Reached skill level 8 in Stealth
  5515 | D:4      | Reached XP level 7. HP: 32/32 MP: 11/14
  5791 | D:4      | Reached skill level 1 in Fighting
  5813 | D:4      | Killed xian's ghost
  5814 | D:4      | Reached skill level 9 in Stealth
  5814 | D:4      | Reached skill level 5 in Spellcasting
  5931 | D:5      | Entered Level 5 of the Dungeon
  6343 | D:5      | Reached XP level 8. HP: 37/37 MP: 10/16
  6552 | D:5      | Found a staircase to the Ecumenical Temple.
  6561 | Temple   | Entered the Ecumenical Temple
  6581 | Temple   | Became a worshipper of Nemelex Xobeh the Trickster
  7736 | D:5      | Found a hazy altar of Hepliaklqana.
  7736 | D:5      | Found a shimmering blue altar of Sif Muna.
  7737 | D:5      | Found a shadowy altar of Dithmenos.
  7784 | D:5      | Reached skill level 10 in Stealth
  8568 | D:6      | Found a sacrificial altar of Ru.
  8663 | D:6      | Found an ornate altar of the Wu Jian Council.
  8879 | D:6      | Reached skill level 11 in Stealth
  9068 | D:6      | Reached * piety under Nemelex Xobeh
  9082 | D:6      | Reached XP level 9. HP: 41/41 MP: 20/20
  9655 | D:6      | Received a gift from Nemelex Xobeh
  9839 | D:7      | Found a transporter.
  9844 | D:7      | Noticed Pikel
  9851 | D:7      | Noticed Menkaure
  9937 | D:7      | Found a transporter.
  9976 | D:7      | Reached skill level 12 in Stealth
 10054 | D:7      | Noticed a troll
 10056 | D:7      | Found an ancient bone altar of Kikubaaqudgha.
 10060 | D:7      | Found a basalt altar of Yredelemnul.
 10062 | D:7      | Noticed Maggie
 10414 | D:7      | Killed Maggie
 10446 | D:7      | Killed a troll
 10447 | D:7      | Reached skill level 13 in Stealth
 11389 | D:7      | HP: 1/41 [wraith (6)]
 11992 | D:8      | Reached skill level 5 in Short Blades
 12170 | D:8      | Found a burning altar of Makhleb.
 12233 | D:8      | Noticed a two-headed ogre
 12237 | D:8      | Killed a two-headed ogre
 12238 | D:8      | Reached skill level 14 in Stealth
 12238 | D:8      | Reached XP level 10. HP: 46/46 MP: 23/23
 12323 | D:8      | Noticed a two-headed ogre
 12415 | D:8      | Killed a two-headed ogre
 12670 | D:8      | Noticed Psyche
 12670 | D:8      | Noticed a two-headed ogre
 12696 | D:8      | Killed Psyche
 12716 | D:8      | Killed a two-headed ogre
 12994 | D:8      | Reached ** piety under Nemelex Xobeh
 13288 | D:9      | Found a staircase to the Orcish Mines.
 13440 | D:10     | Entered Level 10 of the Dungeon
 13440 | D:10     | Found a shimmering altar of Xom.
 13440 | D:10     | Found a bloodstained altar of Trog.
 13440 | D:10     | Found a transporter.
 13444 | D:10     | Noticed a glowing orange brain
 13444 | D:10     | Noticed a deep elf pyromancer
 14327 | D:9      | Reached *** piety under Nemelex Xobeh
 14956 | Orc:1    | Entered Level 1 of the Orcish Mines
 15301 | Orc:1    | Noticed a cyclops
 15303 | Orc:1    | Noticed an orc sorcerer
 15861 | D:4      | Bought a +6 ring of dexterity for 396 gold pieces
 16135 | Orc:1    | Killed an orc sorcerer
 16136 | Orc:1    | Reached skill level 15 in Stealth
 16136 | Orc:1    | Reached skill level 10 in Spellcasting
 17403 | D:9      | Killed a cyclops
 17404 | D:9      | Reached skill level 10 in Hexes
 17864 | Orc:1    | Found Neapum's Armour Shoppe.
 17935 | Orc:1    | Reached XP level 11. HP: 49/49 MP: 23/26
 18023 | Orc:1    | Received a gift from Nemelex Xobeh
 18289 | D:4      | Bought a +6 ring of dexterity for 396 gold pieces
 18852 | Orc:2    | Entered Level 2 of the Orcish Mines
 18888 | Orc:2    | Found a staircase to the Elven Halls.
 18889 | Orc:2    | Killed from afar by an orc priest

Illustrated notes

Levels and vault maps discovered:
D:1:      dpeg_arrival_signposts, layout_loops_ring,
          hellmonk_ecumenical_altar_blasted
D:2:      layout_loops_ring, basic_altar, uniq_crazy_yiuf_cottage
D:3:      layout_rooms, nicolae_overflow_hidden_temple
D:4:      layout_basic, fiery_altar_vehumet, ebering_ghost_sewer_f,
          minmay_shop_enchanted_jewellery, dreamdust_gnoll_farm,
          uniq_blork_the_orc
D:5:      layout_loops_corners, gammafunk_temple_overflow_claw,
          minmay_temple_entry_glass
D:6:      layout_gridville, mainiacjoe_overflow_boulevard, lemuel_doored_altar,
          minmay_liquid_box, nicolae_figureground_pulse
D:7:      layout_loops_ring, gammafunk_temple_of_torment, uniq_maggie,
          uniq_pikel
D:8:      layout_rooms, kennysheep_little_box, minmay_misc_feat_iff, uniq_psyche
D:9:      layout_irregular_city, orc_0_dummy, hangedman_abyss_or_decor_stabs,
          serial_bayou_crossing
D:10:     layout_rooms, gammafunk_temple_overflow_arena, special_room
          [special_room_orc], st_stairs_11
Temple:   hellmonk_temple_rainy
Orc:1:    layout_caves, serial_shops, nicolae_square_shop
Orc:2:    st_orc_pillars, layout_caves, basic_altar

Skill      XL: |  1  2  3  4  5  6  7  8  9 10 |
---------------+-------------------------------+-----
Hexes          | 4 5 6 7 8 10 | 10.1
Spellcasting   | 3 4 5 6 8 10 | 10.4
Stealth        | 5 6 7 8 9 11 14 15 | 15.2
Dodging        | 3 4 |  4.4
Short Blades   | 2 3 4 5 |  5.7
Ice Magic      | 1 2 3 4 |  4.1
Fighting       | 1 |  1.6

Action                   |  1- 3 |  4- 6 |  7- 9 | 10-12 || total
-------------------------+-------+-------+-------+-------++-------
Melee: Dagger            |    58 |   107 |   194 |    79 ||   438
       Punch             |       |     4 |     3 |       ||     7
 Cast: Ensorcelled Hiber |    17 |    52 |    49 |    56 ||   174
       Confusing Touch   |       |       |    14 |     2 ||    16
       Tukima's Dance    |       |       |    13 |    40 ||    53
Invok: Draw Destruction  |       |       |     5 |       ||     5
       Draw Escape       |       |       |     3 |       ||     3
       Draw Summoning    |       |       |     3 |       ||     3
  Use: Scroll            |       |     1 |     2 |     1 ||     4
       Potion            |       |     1 |     4 |     2 ||     7
 Stab: Sleeping          |    18 |    45 |    51 |    28 ||   142
       Invisible         |       |     1 |       |       ||     1
       Confused          |       |       |    13 |     2 ||    15
Armor: Robe              |     6 |    19 |    18 |    17 ||    60
Dodge: Dodged            |    39 |    62 |   105 |    82 ||   288

Table legend: (Time is in decaauts)
 A = Elapsed time spent in this place.
 B = Non-inter-level travel time spent in this place.
 C = Inter-level travel time spent in this place.
 D = Time resting spent in this place.
 E = Time spent auto-exploring this place.
 F = Levels seen in this place.
 G = Mean time per level.
                   A        B        C        D        E       F      G
               +--------+--------+--------+--------+--------+-----+--------+
         Total |  14981 |  14060 |    921 |   7199 |   3889 |  13 | 1152.4 |
       Dungeon |  13079 |  12178 |    901 |   5782 |   3731 |  10 | 1307.9 |
        Temple |    998 |    998 |      0 |    967 |      0 |   1 |  998.0 |
  Orcish Mines |    903 |    883 |     20 |    450 |    158 |   2 |  451.5 |
               +--------+--------+--------+--------+--------+-----+--------+

Top non-repeatable levels by time:
     D:9: 2500 daAuts
     D:7: 1720 daAuts
     D:2: 1575 daAuts
     D:4: 1370 daAuts
     D:3: 1313 daAuts
     D:5: 1310 daAuts
     D:1: 1215 daAuts
     D:8: 1100 daAuts
  Temple: 998 daAuts
     D:6: 878 daAuts
   Orc:1: 878 daAuts
    D:10: 94 daAuts
   Orc:2: 25 daAuts
